 Dungeon Crawl Stone Soup version 0.26-a0-1040-gbe3abf3417 (webtiles) character file.

Game seed: 9165563902465990

2846 night the Insei (level 9, 0/64 HPs)
             Began as an Octopode Transmuter on Dec 11, 2020.
             Was an Initiate of Gozag.
             Slain by a chaos spawn (1 damage)
             ... on level 8 of the Dungeon.
             The game lasted 00:29:49 (12134 turns).

night the Insei (Octopode Transmuter)              Turns: 12134, Time: 00:29:49

Health: 0/64       AC:  1    Str: 15    XL:     9   Next: 74%
Magic:  12/12      EV: 13    Int: 19    God:    Gozag
Gold:   828        SH:  0    Dex: 12    Spells: 4/12 levels left

rFire    . . .     SeeInvis .     - Unarmed
rCold    . . .     Faith    .   (no shield)
rNeg     . . .     Spirit   .   (helmet restricted)
rPois    .         Reflect  .   l - amulet of magic regeneration
rElec    .         Harm     .   h - ring of flight
rCorr    .         Rampage  .   i - +6 ring of strength
Will     +....                  F - ring of willpower
Stlth    ++........             (no ring)
HPRegen  0.20/turn              (no ring)
MPRegen  0.38/turn              (no ring)
                                (no ring)
                                (no ring)

@: lethally poisoned (0 -> -9), lightly drained
A: almost no armour, stealthy swim, amphibious, 8 rings, constrict 8, camouflage
1, gelatinous body 1
a: Potion Petition, Call Merchant, Bribe Branch, Renounce Religion, Evoke Flight


You were on level 8 of the Dungeon.
You worshipped Gozag.
Gozag was pleased with you.
You visited 2 branches of the dungeon, and saw 9 of its levels.
You also visited: Sewer and Bailey.

You collected 872 gold pieces.
You paid 44 gold pieces to Gozag.

Inventory:

Hand Weapons
 b - a +2 fustibalus of flaming
 D - the cursed +0 battleaxe "Worm's Wrath" {drain, MP+9 Int+4 Dex+2, unknown}
   (You found it in a bailey)

   A truly terrible weapon, it drains the life of those it strikes.
   It affects your intelligence (+4).
   It affects your dexterity (+2).
   It affects your magic capacity (+9).
   It has a curse placed upon it.
Missiles
 k - 8 atropa-tipped darts
 n - 177 stones (quivered ammo)
 o - 113 bolts
 s - 8 throwing nets
 v - 11 javelins
 B - 8 poisoned darts
 E - 9 arrows
Jewellery
 h - a ring of flight (left tentacle)
 i - a +6 ring of strength (right tentacle)
 l - an amulet of magic regeneration (around mantle)
 m - an uncursed amulet of guardian spirit
 F - a ring of willpower (on tentacle)
Wands
 q - a wand of digging (4)
 u - a wand of flame (26)
 x - a wand of polymorph (8)
 C - a wand of paralysis (5)
Scrolls
 a - 3 scrolls of remove curse
 c - a scroll of enchant armour
 p - 3 scrolls of blinking
 y - 3 scrolls of teleportation
 H - a scroll of immolation {unknown}
 J - a scroll of enchant weapon {unknown}
 K - a scroll of magic mapping
Potions
 d - a potion of brilliance
 e - 3 potions of attraction
 f - 2 potions of invisibility
 g - 3 potions of magic
 j - 6 potions of curing
 r - 6 potions of heal wounds
 t - a potion of ambrosia
 w - 2 potions of mutation
 z - 3 potions of flight
 A - 3 potions of haste
 G - 4 potions of might
Miscellaneous
 I - a box of beasts


   Skills:
 + Level 7.2(6.9) Fighting
 - Level 2.0(1.7) Dodging
 + Level 7.9(7.6) Unarmed Combat
 - Level 2.0(1.7) Spellcasting
 - Level 7.1(6.8) Transmutations
 * Level 3.2(2.9) Ice Magic
 + Level 2.6(2.3) Poison Magic


You had 4 spell levels left.
You knew the following spells:

 Your Spells              Type           Power        Failure   Level
a - Beastly Appendage     Tmut           ####..       1%          1
b - Spider Form           Tmut/Pois      ###.......   9%          3
c - Ice Form              Ice/Tmut       ###.....     24%         4

Your spell library contained the following spells:

 Spells                   Type           Power        Failure   Level
 Wereblood                Tmut           ####....     1%          2
 Animate Skeleton         Necr           #.....       17%         1
 Apportation              Tloc           #.....       17%         1
 Corona                   Hex            #......      17%         1
 Summon Small Mammal      Summ           #...         17%         1
 Blade Hands              Tmut           ####......   30%         5


Dungeon Overview and Level Annotations

Branches:
Dungeon (8/15)             Temple (1/1) D:5           Sewer (visited)
 Bailey (visited)
   Lair: D:8-11

Altars:
Ashenzari
Cheibriados
Elyvilon
Fedhas
Gozag
Hepliaklqana
Kikubaaqudgha
Makhleb
Qazlal
Ru
Sif Muna
Uskayaw
Vehumet
Wu Jian
Xom
Yredelemnul

Annotations:
D:6 3 runed translucent doors, MoonlitKnight's ghost, novice MiBe


Innate Abilities, Weirdness & Mutations

You cannot wear most types of armour.
You are very stealthy in the water. (Stealth+)
You are amphibious.
You can wear up to eight rings at the same time.
You can use your tentacles to constrict eight enemies at once.
Your skin changes colour to match your surroundings (Stealth+).
Your rubbery body absorbs attacks. (AC +1, EV +1)


Message History

A chaos spawn comes into view.
The chaos spawn growls angrily.
A chaos spawn comes into view.
Found a silver wand.
The chaos spawn hits you!!
* * * LOW HITPOINT WARNING * * *
You are lethally poisoned!
The chaos spawn poisons you!
The chaos spawn gurgles horribly!
Found the +7 mace of Variability {chain chaos}.
Found a shimmering altar of Xom.
Found an escape hatch in the ceiling.
Found a stone staircase leading up.
* * * LOW HITPOINT WARNING * * *
You feel sick.
An ice beast comes into view.
The chaos spawn hits you!
* * * LOW HITPOINT WARNING * * *
You feel drained.
You die...
Your body crumbles into a pile of gold.

...#.....##,,,,,,,,,,,,,*,,,,,,,*
...+......#,,,,,,,,,,,,,*,,,,,,,*
...#......+,,,,,,,,,,,,,*,,,,,,,*
...#......#,,,,,,,,,,,,,*,,,,,,,*
...#.....###############*,,,,,,,*
...#....)#..............,,,,,,,,,
...#.....+..............,,,,,,,,,
...###'###............<.,,,,,,,,,
................@.......,,,,,,,,,
###.............4.......,,,,,,,,,
..#.......##+####4≈.≈..⌠,,,,,,,,,
..#.......+,,,,,,..≈...#,,≈,,,,,,
..'.......#,,,,,,../....+,,,***+*
.)).......#,,,,,,.⌠#⌠#_≈,,*,,,,,,
≈≈≈)).....#******Y..⌠≈.#,,,,,,,,,
..≈..........,,,,.≈..<),*,,,,,,,,
∩.≈.######...,,,,,*⌠,≈,,≈,,,,,,,,


You could see 2 chaos spawn and an ice beast.

Vanquished Creatures
  Sigmund (D:2)
  A black bear (D:6)
  An ice beast (D:5)
  3 ogres
  A necrophage (D:6)
  2 big kobolds (Sewer)
  4 bullfrogs
  6 gnoll sergeants (Bailey)
  3 scorpions
  2 vampire bats (D:3)
  A wight (D:6)
  An electric eel (D:7)
  An orc priest (D:3)
  3 hounds
  2 orc wizards
  6 gnoll shamans (Bailey)
  Terence (D:2)
  Jessica (D:3)
  2 iguanas
  5 worker ants
  A worker ant zombie (D:5)
  Robin (D:2)
  15 gnolls
  14 adders
  4 river rats (Sewer)
  6 white imps
  2 ufetubi
  2 oozes
  An adder skeleton (D:4)
  8 worms
  2 leopard geckos
  9 orcs
  3 bat skeletons (D:3)
  4 bat zombies (D:3)
  7 giant cockroaches
  21 goblins
  12 hobgoblins
  6 jackals
  16 kobolds
  3 quokkas
  5 ball pythons
  A bat (D:1)
  6 frilled lizards
  23 rats
219 creatures vanquished.

Vanquished Creatures (others)
  2 plants (D:7)
2 creatures vanquished.

Grand Total: 221 creatures vanquished

Notes
Turn   | Place    | Note
-------+----------+-------------------------------------------
     0 | D:1      | night the Octopode Transmuter began the quest for the Orb.
     0 | D:1      | Reached XP level 1. HP: 13/13 MP: 3/3
    48 | D:1      | Reached XP level 2. HP: 10/18 MP: 3/5
   762 | D:1      | Reached XP level 3. HP: 24/24 MP: 4/6
   766 | D:1      | Learned a level 3 spell: Spider Form
  1278 | D:2      | Reached skill level 2 in Fighting
  1989 | D:2      | Noticed Terence
  1999 | D:2      | HP: 2/24 [Terence/+0 trident (5)]
  2000 | D:2      | Killed Terence
  2001 | D:2      | Reached XP level 4. HP: 3/30 MP: 7/7
  2271 | D:2      | Noticed Robin
  2297 | D:2      | Killed Robin
  2472 | D:2      | Noticed Sigmund
  2486 | D:2      | Killed Sigmund
  2487 | D:2      | Reached XP level 5. HP: 22/36 MP: 8/8
  2487 | D:2      | Reached XP level 6. HP: 26/42 MP: 9/9
  2604 | D:2      | Learned a level 4 spell: Ice Form
  3126 | D:3      | Noticed Jessica
  3128 | D:3      | Killed Jessica
  3827 | D:3      | Found an ancient bone altar of Kikubaaqudgha.
  3844 | D:3      | Reached skill level 5 in Unarmed Combat
  3844 | D:3      | Reached XP level 7. HP: 37/48 MP: 10/10
  4703 | D:4      | Found a hazy altar of Hepliaklqana.
  4942 | D:5      | Entered Level 5 of the Dungeon
  5189 | D:5      | Reached skill level 5 in Transmutations
  5355 | D:5      | Found a glowing drain.
  5416 | Sewer    | Entered a sewer
  5686 | Sewer    | Reached XP level 8. HP: 38/54 MP: 11/11
  5785 | Sewer    | Reached skill level 5 in Fighting
  6583 | D:5      | Found a staircase to the Ecumenical Temple.
  6592 | Temple   | Entered the Ecumenical Temple
  6732 | Temple   | Became a worshipper of Gozag Ym Sagoz the Greedy
  7252 | D:6      | Found a burning altar of Makhleb.
  7323 | D:6      | Found a runed translucent gate.
  7324 | D:6      | Found a runed translucent gate.
  7324 | D:6      | Found a runed translucent gate.
  7324 | D:6      | Identified the cursed +3 whip of Epraluif {chaos, Will++
                  | Int-5}
  7325 | D:6      | Noticed MoonlitKnight's ghost (novice MiBe)
  7685 | D:6      | Found a shimmering blue altar of Sif Muna.
  7733 | D:6      | Found a broken altar of Ashenzari.
  8367 | D:6      | Reached XP level 9. HP: 60/63 MP: 12/12
  9828 | D:7      | Found a radiant altar of Vehumet.
 10600 | D:8      | Found a flagged portal.
 10634 | Bailey   | Entered a bailey
 10939 | Bailey   | Reached skill level 1 in Ice Magic
 11021 | Bailey   | Reached skill level 1 in Poison Magic
 11190 | Bailey   | HP: 11/75 [gnoll/+0 spear (1)]
 11511 | Bailey   | Reached skill level 2 in Ice Magic
 11530 | Bailey   | Reached skill level 2 in Poison Magic
 11704 | Bailey   | Got a translucent battleaxe
 12133 | D:8      | Found a shimmering altar of Xom.
 12134 | D:8      | Found the +7 mace of Variability {chain chaos}
 12134 | D:8      | HP: 9/64 [poisoned by a chaos spawn]
 12134 | D:8      | HP: 1/64 [chaos spawn (8)]
 12134 | D:8      | Slain by a chaos spawn

Illustrated notes

Levels and vault maps discovered:
D:1:      scummos_arrival_simple_fountains, layout_basic
D:2:      layout_loops_corners, minmay_increasing_density, uniq_terence,
          uniq_robin, uniq_sigmund
D:3:      layout_basic, kennysheep_vampire_church, uniq_jessica
D:4:      layout_loops_ring, marbit_many_paths, minmay_fountain_box
D:5:      layout_loops_ring, minmay_temple_entry_sparse_star,
          cheibrodos_sewer_entry_drain, minmay_misc_feat_square
D:6:      layout_loops_corners, bloody_makhleb, general_overflow_altar,
          gammafunk_ghost_nasty_kobolds, evilmike_ruin_ashenzari
D:7:      layout_gridville, serial_bayou_lagoon_a, vehumet_altar_wand_db
D:8:      layout_gridville, lemuel_crystal_altar, grunt_temple_overflow_diamond,
          basic_altar, enter_bailey_5, minmay_guarded_unrand_variability,
          uniq_joseph
Temple:   minmay_temple_bridge_abc

Skill      XL: |  1  2  3  4  5  6  7  8  9 |
---------------+----------------------------+-----
Fighting       | 2 3 4 6 7 |  7.2
Transmutations | 3 4 5 6 7 |  7.1
Unarmed Combat | 4 5 7 |  7.9
Ice Magic      | 3 |  3.2
Poison Magic   | 2 |  2.6
Dodging        | |  2.0
Spellcasting   | |  2.0

Action                   |  1- 3 |  4- 6 |  7- 9 || total
-------------------------+-------+-------+-------++-------
Melee: Unarmed           |    63 |   106 |   317 ||   486
       Constrict         |    16 |    37 |    76 ||   129
       Kick              |    11 |    12 |    53 ||    76
       Tentacles         |    11 |    26 |    63 ||   100
       Punch             |     1 |     2 |    14 ||    17
 Fire: Fustibalus        |       |       |   131 ||   131
Throw: Stone             |     2 |     3 |     5 ||    10
       Dart              |       |       |    11 ||    11
 Cast: Beastly Appendage |    20 |     8 |    37 ||    65
       Spider Form       |       |       |     1 ||     1
       Ice Form          |       |       |     2 ||     2
Evoke: Wand              |       |       |     9 ||     9
  Use: Scroll            |       |       |    17 ||    17
       Potion            |       |       |     3 ||     3
 Stab: Sleeping          |     1 |     6 |     8 ||    15
       Paralysed         |       |       |     2 ||     2
       Distracted        |       |       |     1 ||     1
Armor: Skin              |     4 |     9 |    20 ||    33
Dodge: Dodged            |    28 |    71 |   204 ||   303

Table legend: (Time is in decaauts)
 A = Elapsed time spent in this place.
 B = Non-inter-level travel time spent in this place.
 C = Inter-level travel time spent in this place.
 D = Time resting spent in this place.
 E = Time spent auto-exploring this place.
 F = Levels seen in this place.
 G = Mean time per level.
                   A        B        C        D        E       F      G
               +--------+--------+--------+--------+--------+-----+--------+
         Total |  12131 |  11710 |    421 |   3008 |   6537 |  11 | 1102.8 |
       Dungeon |   9464 |   9063 |    401 |   2259 |   5460 |   8 | 1183.0 |
        Temple |    160 |    140 |     20 |      0 |    108 |   1 |  160.0 |
         Sewer |   1066 |   1066 |      0 |    224 |    646 |   1 | 1066.0 |
        Bailey |   1440 |   1440 |      0 |    525 |    323 |   1 | 1440.0 |
               +--------+--------+--------+--------+--------+-----+--------+

Top non-repeatable levels by time:
     D:2: 1932 daAuts
     D:6: 1641 daAuts
     D:5: 1469 daAuts
  Bailey: 1440 daAuts
     D:1: 1262 daAuts
     D:7: 1260 daAuts
   Sewer: 1066 daAuts
     D:4: 890 daAuts
     D:3: 847 daAuts
  Temple: 160 daAuts
     D:8: 158 daAuts
